 Dungeon Crawl Stone Soup version 0.30-a0-883-g5ad918d77d (webtiles) character file.

Game seed: 18323369283113200659

376 howech the Sneak (level 6, 0/36 HPs)
             Began as an Octopode Enchanter on Mar 15, 2023.
             Was an Initiate of Elyvilon.
             Slain by a quokka (3 damage)
             ... summoned by Eustachio
             ... on level 4 of the Dungeon.
             The game lasted 00:11:59 (3614 turns).

howech the Sneak (Octopode Enchanter)               Turns: 3614, Time: 00:12:00

Health: 0/36       AC:  1    Str:  7    XL:     6   Next: 73%
Magic:  7/10       EV: 14    Int: 19    God:    Elyvilon [......]
Gold:   222        SH:  0    Dex: 13    Spells: 3/11 levels left

rFire   . . .      SeeInvis .    a - +1 dagger
rCold   . . .      Faith    .    (no shield)
rNeg    . . .      Spirit   .    (helmet restricted)
rPois   .          Reflect  .    (no amulet)
rElec   .          Rampage  .    (no ring)
rCorr   .                        (no ring)
Will    .....                    (no ring)
Stlth   ++++                     (no ring)
HPRegen 0.26/turn                (no ring)
MPRegen 0.12/turn                (no ring)
                                 (no ring)
                                 (no ring)

@: no status effects
A: almost no armour, amphibious, 8 rings, camouflage 1, gelatinous body 1,
(nimble swimmer 1), tentacles
a: Renounce Religion


You were on level 4 of the Dungeon.
You worshipped Elyvilon.
Elyvilon was noncommittal.
You visited 2 branches of the dungeon, and saw 6 of its levels.
You also visited: Sewer.

You collected 222 gold pieces.

Inventory:

Hand Weapons
 a - a +1 dagger (weapon)
Missiles
 f - 6 boomerangs
 i - 11 poisoned darts (quivered)
Scrolls
 d - a scroll of brand weapon {unknown}
 j - 2 scrolls of teleportation
 m - a scroll of poison
 r - a scroll of fog
Potions
 b - 3 potions of invisibility
 c - 4 potions of curing {unknown}
 e - a potion of flight {unknown}
 g - a potion of degeneration {unknown}
 h - a potion of attraction {unknown}
 k - 2 potions of mutation {unknown}
 n - a potion of heal wounds {unknown}
 o - 2 potions of brilliance {unknown}
 p - a potion of might {unknown}


   Skills:
 + Level 3.0 Short Blades
 + Level 3.5 Dodging
 + Level 5.7 Stealth
 + Level 3.2 Spellcasting
 + Level 4.1 Hexes


You had 3 spell levels left.
You knew the following spells:

 Your Spells              Type           Power      Damage    Failure   Level
a - Ensorcelled Hibernat  Hex/Ice        22%        N/A       10%         2
b - Dazzling Flash        Conj/Hex       22%        N/A       19%         3
c - Confusing Touch       Hex            19%        N/A       8%          3

Your spell library contained the following spells:

 Spells                   Type           Power      Damage    Failure   Level
 Tukima's Dance           Hex            19%        N/A       8%          3


Dungeon Overview and Level Annotations

Branches:
Dungeon (5/15)             Temple (1/1) D:4           Sewer (visited)

Altars:
Ashenzari
Cheibriados
Elyvilon
Fedhas
Gozag
Kikubaaqudgha
Nemelex Xobeh
Okawaru
Qazlal
Sif Muna
Uskayaw
Vehumet
Wu Jian
Yredelemnul

Annotations:
D:4 Eustachio


Innate Abilities, Weirdness & Mutations

You cannot wear most types of armour.
You are amphibious.
You can wear up to eight rings at the same time.
Your skin changes colour to match your surroundings (Stealth+).
Your rubbery body absorbs attacks. (AC +1, EV +1)
((You are camouflaged when in or above water. (Stealth+)))
You have tentacles for arms and can constrict up to eight enemies at once.


Message History

Eustachio looks drowsy...
The quokka bites you.
The helpless Eustachio fails to defend himself.
You impale Eustachio!! Your grab misses Eustachio.
Eustachio is severely wounded.
The quokka bites you. The quokka closely misses you.
Eustachio closely misses you.
You barely miss Eustachio. Your grab misses Eustachio. You squeeze Eustachio!
Eustachio is severely wounded.
The quokka misses you. The quokka closely misses you.
Eustachio casts a spell.
Eustachio blinks!
The quokka barely misses you.
Unknown command.
The quokka misses you. The quokka closely misses you.
You hit Eustachio. Your grab misses Eustachio.
Eustachio is almost dead.
Eustachio mumbles some strange words.
The quokka bites you. The rat completely misses you. The quokka bites you.
You hit Eustachio but do no damage. Your grab misses Eustachio.
Eustachio is almost dead.
Eustachio hits you with a +0 rapier. The quokka misses you.
Unknown command.
You closely miss Eustachio. Your grab misses Eustachio.
Your squeeze misses Eustachio.
Eustachio is almost dead.
The quokka misses you. The rat closely misses you. x2
Eustachio barely misses you. The quokka misses you. The quokka bites you.
* * * LOW HITPOINT WARNING * * *
You closely miss Eustachio. You grab Eustachio.
Eustachio is almost dead.
You constrict Eustachio. The rat completely misses you.
The rat barely misses you.
The crimson imp blinks!
The quokka closely misses you. Eustachio hits you with a +0 rapier.
* * * LOW HITPOINT WARNING * * *
The quokka completely misses you.
You hit Eustachio but do no damage.
Eustachio is almost dead.
You constrict Eustachio.
The rat misses you. x2; The shadow imp hits you.
* * * LOW HITPOINT WARNING * * *
The quokka closely misses you. The quokka bites you.
You die...

#........# #.#.
#........# ##...
#........#
##....
#.......## #....
##......# ##...#
#.....## #....#
#....## ##..5.+
##...# #...r.#
#.#.##
##..r@r####
####.#
#...r@5...#
#.###.....ยง...#
#.##..........#
##.#............
#.#(.....#######
#..#######
##.####...
##......#


You could see Eustachio, a crimson imp (summoned), a shadow imp (summoned), 2
quokkas and 2 rats.

Vanquished Creatures
  An ogre (D:3)
  Natasha (thrice) (D:2)
  Terence (D:2)
  A hell rat (Sewer)
  Robin (D:2)
  4 adders
  A river rat (Sewer)
  3 worms
  A dart slug (D:1)
  2 orcs (D:3)
  8 endoplasms
  7 giant cockroaches
  12 goblins
  11 hobgoblins
  3 jackals (D:2)
  5 kobolds
  6 quokkas
  3 ball pythons
  8 bats
  5 frilled lizards
  9 rats
95 creatures vanquished.

Notes
Turn   | Place    | Note
-------+----------+-------------------------------------------
     0 | D:1      | howech the Octopode Enchanter began the quest for the Orb.
     0 | D:1      | Reached XP level 1. HP: 11/11 MP: 3/3
   410 | D:1      | Reached XP level 2. HP: 17/17 MP: 5/5
   653 | D:1      | Reached XP level 3. HP: 21/21 MP: 6/6
   656 | D:1      | Learned a level 2 spell: Ensorcelled Hibernation
  1137 | D:2      | Noticed Terence
  1143 | D:2      | Killed Terence
  1144 | D:2      | Reached XP level 4. HP: 27/27 MP: 7/7
  1315 | D:2      | Noticed Natasha
  1333 | D:2      | Killed Natasha
  1385 | D:2      | Noticed Natasha
  1393 | D:2      | Killed Natasha
  1483 | D:2      | Reached XP level 5. HP: 30/31 MP: 9/9
  1490 | D:2      | Reached skill level 5 in Stealth
  1594 | D:2      | Noticed Robin
  1612 | D:2      | Killed Robin
  1997 | D:2      | Noticed Natasha
  2014 | D:2      | Killed Natasha
  2454 | D:3      | Noticed an ogre
  2464 | D:3      | Killed an ogre
  2465 | D:3      | Reached XP level 6. HP: 17/36 MP: 7/10
  2874 | D:3      | Found an ancient bone altar of Kikubaaqudgha.
  2874 | D:3      | Found a snail-covered altar of Cheibriados.
  3032 | D:3      | Learned a level 3 spell: Dazzling Flash
  3036 | D:3      | Learned a level 3 spell: Confusing Touch
  3037 | D:4      | Found a glowing drain.
  3061 | Sewer    | Entered a sewer
  3294 | D:4      | Found a staircase to the Ecumenical Temple.
  3300 | Temple   | Entered the Ecumenical Temple
  3427 | Temple   | Became a worshipper of Elyvilon the Healer
  3554 | D:4      | Noticed Eustachio
  3578 | D:5      | Entered Level 5 of the Dungeon
  3614 | D:4      | Slain by a quokka

Illustrated notes

Levels and vault maps discovered:
D:1:      minmay_arrival_wavy_path, layout_loops_ring
D:2:      layout_basic, minmay_tripent, uniq_terence, uniq_natasha, uniq_robin
D:3:      minmay_razor_zed, layout_basic, gammafunk_temple_overflow_wave
D:4:      old_forge, layout_cave_pods, minmay_temple_entry_hall,
          portal_sewer_entry_f, gammafunk_ghost_mausoleum, roderic_filled_cross,
          uniq_sigmund, uniq_eustachio
D:5:      layout_basic, kennysheep_mini, guppyfry_early_lair_pool, uniq_grinder
Temple:   minmay_temple_bridge_abc

Skill      XL: |  1  2  3  4  5  6 |
---------------+-------------------+-----
Short Blades   | 2 3 |  3.0
Stealth        | 5 |  5.7
Dodging        | 3 |  3.5
Spellcasting   | 3 |  3.2
Hexes          | 4 |  4.1

Action                     |  1- 3 |  4- 6 || total
---------------------------+-------+-------++-------
  Melee: Dagger            |    68 |   139 ||   207
         Constrict         |    17 |    24 ||    41
         Tentacles         |    17 |    24 ||    41
         Punch             |     2 |     3 ||     5
   Cast: Ensorcelled Hiber |       |    13 ||    13
    Use: Scroll            |     2 |     6 ||     8
   Stab: Sleeping          |     6 |    30 ||    36
 Armour: Skin              |     5 |     9 ||    14
  Dodge: Dodged            |    38 |   112 ||   150

Table legend: (Time is in decaauts)
 A = Elapsed time spent in this place.
 B = Non-inter-level travel time spent in this place.
 C = Inter-level travel time spent in this place.
 D = Time resting spent in this place.
 E = Time spent auto-exploring this place.
 F = Levels seen in this place.
 G = Mean time per level.
                   A        B        C        D        E       F      G
               +--------+--------+--------+--------+--------+-----+--------+
         Total |   3592 |   3446 |    146 |    728 |   1855 |   7 |  513.1 |
       Dungeon |   3316 |   3189 |    127 |    669 |   1777 |   5 |  663.2 |
        Temple |    147 |    128 |     19 |      0 |     78 |   1 |  147.0 |
         Sewer |    128 |    128 |      0 |     59 |      0 |   1 |  128.0 |
               +--------+--------+--------+--------+--------+-----+--------+

Top non-repeatable levels by time:
     D:2: 1076 daAuts
     D:1: 1023 daAuts
     D:3: 922 daAuts
     D:4: 268 daAuts
  Temple: 147 daAuts
   Sewer: 128 daAuts
     D:5: 25 daAuts
